 Dungeon Crawl Stone Soup version 0.24-a0-169-g71aafec (webtiles) character file.

Game seed: 8983341588634314756

21 emperorscorpion the Skirmisher (level 2, -2/27 HPs)
             Began as a Minotaur Berserker on Mar 7, 2019.
             Was a Follower of Trog.
             Slain by an orc
             ... wielding a +0 club
              (3 damage)
             ... on level 3 of the Dungeon.
             The game lasted 00:00:50 (187 turns).

emperorscorpion the Skirmisher (Minotaur Berserker)  Turns: 187, Time: 00:00:51

Health: -2/27      AC:  2    Str: 21    XL:     2   Next: 62%
Magic:  1/1        EV: 12    Int:  4    God:    Trog [*.....]
Gold:   9          SH:  0    Dex:  9    Spells: 1/1 levels left

rFire    . . .     SeeInvis .   a - +0 falchion
rCold    . . .     Gourm    .   (no shield)
rNeg     . . .     Faith    .   b - +0 animal skin
rPois    .         Spirit   .   (helmet restricted)
rElec    .         Reflect  .   (no cloak)
rCorr    .         Harm     .   (no gloves)
MR       .....                  (no boots)
Stlth    +.........             (no amulet)
HPRegen  0.09/turn              (no ring)
MPRegen  0.07/turn              (no ring)

@: berserk cooldown, slowed, very slow
A: retaliatory headbutt, horns 2
a: Berserk, Renounce Religion


You were on level 3 of the Dungeon.
You worshipped Trog.
Trog was aware of your devotion.
You were not hungry.

You visited 1 branch of the dungeon, and saw 3 of its levels.

You collected 9 gold pieces.

Inventory:

Hand Weapons
 a - a +0 falchion (weapon)
Armour
 b - a +0 animal skin (worn)
Scrolls
 d - 3 scrolls of identify {unknown}
Potions
 e - a potion of mutation {unknown}
Comestibles
 c - 2 rations
 f - 2 chunks of flesh


   Skills:
 + Level 4.1 Fighting
 + Level 4.1 Long Blades
 + Level 2.6 Armour
 + Level 2.3 Dodging


You had one spell level left.
You didn't know any spells.
Your spell library was empty.

Dungeon Overview and Level Annotations

Branches:
Dungeon (3/15)

Altars:


Innate Abilities, Weirdness & Mutations

You reflexively headbutt those who attack you in melee.
You have a pair of horns on your head.


Message History

There is a stone staircase leading down here.
You climb downwards. 2 rats, a hobgoblin, a kobold and 3 orcs come into view.
The hobgoblin shouts!
The kobold shouts!
The orc shouts!
You hear a shout! x3
Found four items.
There is a stone staircase leading up here.
The orc wizard shouts!
The orc wizard gestures at you while chanting.
The puff of flame hits you.
Found 13 gold pieces.
The rat bites you. The rat bites you.
Found 5 gold pieces.
The orc wizard points at you and mumbles some strange words.
The magic dart hits you!
* * * LOW HITPOINT WARNING * * *
The rat closely misses you. The hobgoblin barely misses you.
The orc hits you with a +0 club.
You die...

... .. ...... ....
..#.##.#.#### ....
... .............$..
....##.....####.....
.......<..o........
##..............#
##....K?...g..#
...........#o###
...#.......#@#
.............#
..............
........$.#..#
$.........#...
..............
......###.#... ....
#.##.#


You could see an orc wizard, an orc and a hobgoblin.

Vanquished Creatures
  An adder (D:2)
  A worm (D:2)
  A dart slug (D:2)
  A giant cockroach (D:1)
  A goblin (D:2)
  A hobgoblin (D:1)
  2 rats
8 creatures vanquished.

Notes
Turn   | Place    | Note
-------+----------+-------------------------------------------
     0 | D:1      | emperorscorpion the Minotaur Berserker began the quest for
                  | the Orb.
     0 | D:1      | Reached XP level 1. HP: 19/19 MP: 0/0
   108 | D:2      | Reached XP level 2. HP: 27/27 MP: 1/1
   185 | D:3      | HP: 1/27 [orc wizard/magic dart (10)]
   187 | D:3      | Slain by an orc

Levels and vault maps discovered:
D:1:      dpeg_arrival_concentric_ovals, layout_rooms
D:2:      layout_loops_ring, minmay_overflow_temple_star_quad,
          minmay_misc_feat_columns
D:3:      layout_rooms, first_ration, minivault_19

Skill      XL: |  1  2 |
---------------+-------+-----
Fighting       | 4 |  4.1
Long Blades    | 4 |  4.1
Armour         | |  2.6
Dodging        | |  2.3

Action                   || total
-------------------------++-------
Melee: Falchion          ||    16
       Headbutt          ||     2
Invok: Berserk           ||     2
Armor: Animal skin       ||     5
Dodge: Dodged            ||     7

Table legend:
 A = Non-vault XP
 B = Vault XP
 C = Vault XP percentage of total XP
 D = Non-vault monster count
 E = Vault monster count
 F = Vault count percentage of total count
                 A         B        C        D         E       F
            +---------+---------+-------+---------+---------+-------
      Total |      30 |       0 |   0.0 |       8 |       0 |   0.0
            +---------+---------+-------+---------+---------+-------
        D:1 |       5 |       0 |   0.0 |       3 |       0 |   0.0
        D:2 |      25 |       0 |   0.0 |       5 |       0 |   0.0
            +---------+---------+-------+---------+---------+-------
